← All builds
Beach sea / Armada / Economy first / OBSERVED BUILD

Standard beach sea

Armada Beach sea build order · Supreme Isthmus

Economy-first sea play: shipyard right away, a destroyer by around 5 minutes, then an Advanced Metal Extractor as the eco scales up, with later ships like corvette, frigate and submarine filling out the fleet; this is the role's baseline…

Usually shipyard first (93%)

#naval #eco · 884 distinct matches · 149 players · 72% of Armada Beach sea games · team won 50% of 952 · Recently observed

HOW TO PLAY IT

Key timing: Shipyard by 1:40, first destroyer by 4:52

  1. Open 3 mex into tidal generators for early energy.
  2. Rush Shipyard straight from the opening eco.
  3. Keep adding mex and naval energy converters to fund the fleet.
  4. Get your first destroyer out to contest the sea.
  5. Transition into Advanced Metal Extractor as eco scales.

Phase by phase

TYPICAL OF ITS 884 GAMES · AGAINST STANDARD BEACH SEA
  1. 1
  2. 2
  3. 3
PLAY THE OPENING

Follow the example game's first 6:00 step by step: what to build now, what comes next, and where it goes. At 1× it keeps pace with your own game.

  1. 1

    Up to the Shipyard

    Economy
    • Metal Extractor3Mex
    • Wind Turbine2Windfor allies+2 vs standard
    • Wind Turbine1Wind−4 vs standard
    Order
    1. ShipyardShipyard after 3 mex, 1 winddone ~1:44, middle half 1:27–2:01

    Some games also: tidal (38%) · energy storage (35%)

    By 1:27 in all: 3 mex · 1 wind (standard 5)

    The example game in this phase · 3 steps
    1. Mex ×3
    2. Tidal ×2
    3. ShipyardShipyarddone 1:27 · typical 1:44
  2. 2

    Shipyard to 5:00

    Economy
    • Metal Extractor5Mex
    • Wind Turbine2Wind−3 vs standard
    • Tidal Generator2Tidal+2 vs standard
    Builders
    • Construction Ship2 Con ship +2 vs standard
    Army
    • Dolphin3 Dolphin +3 vs standard
    • Skater2 Skater +2 vs standard
    • Corsair1 Destroyer
    Other
    • Naval Radar / Sonar Tower1 Naval Radar / Sonar Tower

    Some games also: Harpoon (43%) · con turret (35%) · frigate (33%) · submarine (33%) · Sentry (31%)

    The standard build makes here, this one skips: 3 con hovercraft · 7 seeker

    By 5:00 in all: 8 mex · 4 wind (standard 10) · 3 tidal (standard 0)

    The example game in this phase · 28 steps
    1. Tidal
    2. Construction ShipCon ship ×2
    3. Tidal
    4. Wind ×2for Air
    5. Mex
    6. Windfor Air
    7. SkaterSkater
    8. Tidal
    9. Mex
    10. SkaterSkater ×2
    11. Converter
    12. Naval Radar / Sonar TowerNaval Radar / Sonar Tower
    13. DolphinDolphin
    14. Mex ×2
    15. CorsairDestroyerdone 4:03 · typical 4:59
    16. Con turret
    17. Wind
    18. Grim ReaperGrim Reaper
    19. Wind ×2
    20. Naval Construction Turret
    21. Naval Energy Converter
    22. Mex ×2
    23. Wind ×2
    24. Naval Energy Converter
    25. Tidal
    26. Wind
    27. Tidal
    28. Wind ×2
  3. 3

    5:00 to 10:00

    Economy
    • Metal Extractor1Mex−2 vs standard
    • Wind Turbine11Wind
    Builders
    • Naval Construction Turret1 Naval Construction Turret
    • Grim Reaper1 Grim Reaper
    Army
    • Sentry1 Sentry
    • Harpoon1 Harpoon
    • Dolphin3 Dolphin
    • Corsair2 Destroyer
    • Skater2 Skater
    Other
    • Naval Radar / Sonar Tower1 Naval Radar / Sonar Tower

    Some games also: con ship (48%) · frigate (46%) · Radar Tower (42%) · tidal (40%) · con turret (39%)

    By 10:00 in all: 10 mex · 16 wind (standard 23) · 4 tidal (standard 0) · 1 energy storage · 1 con turret · 1 Naval Construction Turret

    The example game in this phase · 66 steps
    1. Radar TowerRadar Tower
    2. Tidal
    3. Wind
    4. HarpoonHarpoon
    5. SentrySentry
    6. Tidal
    7. Wind ×2
    8. SentrySentry
    9. Tidal
    10. Wind
    11. SentrySentry
    12. Naval Energy Converter
    13. Tidal
    14. Wind
    15. Tidal
    16. Wind
    17. SentrySentry
    18. Wind
    19. Tidal
    20. Naval Energy Converter
    21. Wind
    22. Energy storage
    23. Tidal
    24. Wind
    25. Tidal
    26. CorsairDestroyer
    27. Naval Energy Converter
    28. Tidal
    29. Converter
    30. SentrySentry
    31. Tidal
    32. Naval Energy Converter
    33. Converter
    34. CorsairDestroyer
    35. Converter
    36. Tidal
    37. Naval Energy Converter
    38. NettleNettle
    39. Converter
    40. Wind ×2
    41. Naval Energy Converter
    42. SkaterSkater
    43. Grim ReaperGrim Reaper
    44. Naval Energy Converter
    45. DolphinDolphin ×3
    46. CorsairDestroyer
    47. Naval Energy Converter
    48. Advanced Metal ExtractorT2 mexdone 9:52 · typical 10:04
    49. CorsairDestroyer
    50. Naval Radar / Sonar TowerNaval Radar / Sonar Tower
    51. Naval Construction Turret
    52. Naval Radar / Sonar TowerNaval Radar / Sonar Tower
    53. SkaterSkater
    54. Grim ReaperGrim Reaper
    55. Con turret ×2
    56. Naval Radar / Sonar TowerNaval Radar / Sonar Tower
    57. Advanced Metal ExtractorT2 mex
    58. HarpoonHarpoon
    59. Grim ReaperGrim Reaper ×6
    60. DolphinDolphin ×4
    61. Naval Construction Turret ×2
    62. DolphinDolphin
    63. Advanced Metal ExtractorT2 mex
    64. DolphinDolphin
    65. Naval Construction Turret
    66. DolphinDolphin ×3

Counts are medians over the build's games: half of them build more, half fewer. The example game is TheGeneraI's (34 OS, 13/10/2026); pick another.

Team trades

IN AT LEAST 30% OF ITS GAMES

You hand over

  • Wind Turbine3 Wind to Airfirst at 1:42 · in 79% of games

You get

  • Finch1 Finch from Airfirst at 1:58 · in 78% of games
  • Lazarus1 Lazarus from Geofirst at 2:12 · in 53% of games
  • Hephaestus1 Heavy transport from Airfirst at 2:16 · in 63% of games
  • Hercules1 Light transport from Airfirst at 2:19 · in 39% of games
  • Construction Bot1 Con bot from Geofirst at 2:27 · in 69% of games
  • Advanced Construction Bot1 T2 con bot from Techfirst at 8:11 · in 88% of games

How it plays out

Typical game of this build, running totals by minute

Metal produced

010k20k30k
0:005:0010:0015:00

metal

Enemy metal destroyed

02.5k5k7.5k
0:005:0010:0015:00

metal

Own metal lost

02.5k5k7.5k
0:005:0010:0015:00

metal

952 games.

Show as table
ByMetal produced: This buildEnemy metal destroyed: This buildOwn metal lost: This build
1:0040400
2:0093800
3:00158000
4:0025205151
5:003703240150
6:005100563353
7:0065861096686
8:00815116621136
9:00977024311809
10:001162133352565
11:001368342663340
12:001604450794130
13:001847658614941
14:002125265425913
15:002391173996700
WHAT THE NUMBERS SAY

This baseline wins less than half its games, trading sea kills for losses at a similar rate to the enemy through 15 minutes.

  • + Metal production outpaces enemy destruction early, 3733 vs 255 at 5:00.
  • + Kills and losses track closely by 15:00 (8342 vs 6711), an even fight.
  • − Team wins under half of games (47%).
  • − T2 factory reached in only 34% of games, the lowest tech rate among sea roles.
THE EXAMPLE YOU ARE READING

TheGeneraI

33.6 OS · 13/10/2026

Open source match ↗

6 received units · includes a constructor
537 metal received · 165926 energy received

Allied construction assistance is unknown. Timings are observations, not a promise of solo reproducibility.

Typical milestones

Shipyard1:44Middle 50%: 1:27–2:01 · n=948
Corsair4:59Middle 50%: 4:20–5:56 · n=899
Advanced Metal Extractor10:04Middle 50%: 9:13–10:57 · n=799

Played most by

yeskinkot68games of this buildHummell61games of this buildTheSituation47games of this buildBlover37games of this buildTheGeneraI36games of this build